 Dungeon Crawl Stone Soup version 0.26.0-16-gc1dbca0489 (webtiles) character file.

Game seed: 10777211571864456944

49 zcampers the Chopper (level 3, -2/49 HPs)
             Began as a Minotaur Berserker on Jan 20, 2021.
             Was a Believer of Trog.
             Slain by Terence
             ... wielding a +2 flail of protection
              (5 damage)
             ... on level 2 of the Dungeon.
             The game lasted 00:01:49 (1408 turns).

zcampers the Chopper (Minotaur Berserker)           Turns: 1408, Time: 00:01:50

Health: -2/49      AC:  5    Str: 21    XL:     3   Next: 53%
Magic:  2/2        EV: 11    Int:  5    God:    Trog [**....]
Gold:   53         SH:  0    Dex:  9    Spells: 2/2 levels left

rFire    . . .     SeeInvis .   a - +0 hand axe
rCold    . . .     Faith    .   (no shield)
rNeg     . . .     Spirit   .   l - +0 ring mail
rPois    .         Reflect  .   (helmet restricted)
rElec    .         Harm     .   (no cloak)
rCorr    .         Rampage  .   (no gloves)
Will     +....                  (no boots)
Stlth    ..........             (no amulet)
HPRegen  0.16/turn              e - ring of willpower
MPRegen  0.08/turn              (no ring)

@: berserking, very quick
A: retaliatory headbutt, horns 2
a: Renounce Religion, Berserk, Trog's Hand


You were on level 2 of the Dungeon.
You worshipped Trog.
Trog was pleased with you.
You visited 1 branch of the dungeon, and saw 2 of its levels.

You collected 53 gold pieces.

Inventory:

Hand Weapons
 a - a +0 hand axe (weapon)
Missiles
 f - 6 javelins
Armour
 l - a +0 ring mail (worn)
Jewellery
 e - a ring of willpower (left hand)
Scrolls
 c - 2 scrolls of random uselessness {unknown}
 d - 6 scrolls of remove curse {unknown}
 g - 2 scrolls of teleportation {unknown}
 i - a scroll of identify {unknown}
 m - a scroll of amnesia {unknown}
Potions
 b - a potion of lignification {unknown}
 h - a potion of invisibility {unknown}
 k - a potion of attraction {unknown}


   Skills:
 + Level 4.1 Fighting
 + Level 4.7 Axes
 + Level 2.7 Armour
 + Level 2.6 Dodging


You had 2 spell levels left.
You didn't know any spells.
Your spell library was empty.

Dungeon Overview and Level Annotations

Branches:
Dungeon (2/15)

Altars:

Annotations:
D:2 Terence


Innate Abilities, Weirdness & Mutations

You reflexively headbutt those who attack you in melee.
You have a pair of horns on your head.


Message History

Terence hits you but does no damage.
You hit Terence but do no damage. Your headbutt misses Terence.
Terence is severely wounded.
Terence hits you with a +2 flail of protection!
You closely miss Terence. You headbutt Terence, but do no damage.
Terence is severely wounded.
You barely miss Terence. Your headbutt misses Terence.
Terence is severely wounded.
Terence shouts, "Get ready for death!"
Terence hits you with a +2 flail of protection!
You hit Terence.
Terence is almost dead.
An adder comes into view.
Terence hits you with a +2 flail of protection!
* * * LOW HITPOINT WARNING * * *
The adder hisses angrily.
A red film seems to cover your vision as you go berserk!
You feel yourself moving faster!
You feel mighty!
Terence hits you with a +2 flail of protection.
You die...

###### #....#
#....#
#....####
#######'##...#
.........'.<.#
#######.##...#
#.##.).#
#@##...#
#@###### #S.
#.## #.# #+#


You could see Terence and an adder.

Vanquished Creatures
  An ooze (D:1)
  A dart slug (D:1)
  A leopard gecko (D:1)
  10 bats (D:1)
  3 giant cockroaches (D:1)
  3 goblins (D:1)
  8 hobgoblins
  4 kobolds (D:1)
  A frilled lizard (D:1)
  5 rats (D:1)
37 creatures vanquished.

Notes
Turn   | Place    | Note
-------+----------+-------------------------------------------
     0 | D:1      | zcampers the Minotaur Berserker began the quest for the
                  | Orb.
     0 | D:1      | Reached XP level 1. HP: 19/19 MP: 0/0
   337 | D:1      | Reached XP level 2. HP: 27/27 MP: 1/1
   811 | D:1      | Reached XP level 3. HP: 33/33 MP: 2/2
   828 | D:1      | Reached ** piety under Trog
  1395 | D:2      | Noticed Terence
  1408 | D:2      | Slain by Terence

Illustrated notes

Levels and vault maps discovered:
D:1:      lightli_molten_gateway, layout_loops_ring, minmay_hexomino_f4
D:2:      layout_basic, uniq_natasha, uniq_crazy_yiuf_cottage, uniq_terence

Skill      XL: |  1  2 |
---------------+-------+-----
Axes           | 4 |  4.7
Fighting       | 4 |  4.1
Armour         | |  2.7
Dodging        | |  2.6

Action                   || total
-------------------------++-------
Melee: Hand axe          ||    83
       Headbutt          ||    15
Invok: Berserk           ||     1
  Use: Scroll            ||     1
Armor: Animal skin       ||    10
       Leather armour    ||    22
       Ring mail         ||     5
Dodge: Dodged            ||    74
